 Dungeon Sprint DCSS version 0.29.0-11-gd7f09526c8 (webtiles) character file.

Game seed: 17636187429506347172

6783 Zeld the Severer (level 10, -6/83 HPs)
             Began as a Minotaur Berserker on Sept 6, 2022.
             Was a High Priest of Trog.
             Mangled by a demonic crawler (10 damage)
             ... in the Dungeon (Sprint I: "Red Sonja").
             The game lasted 00:02:29 (2387 turns).

Zeld the Severer (Minotaur Berserker)               Turns: 2387, Time: 00:02:29

Health: -6/83      AC:  4    Str: 28    XL:     10   Next: 76%
Magic:  6/6        EV: 14    Int:  4    God:    Trog [*****.]
Gold:   221        SH:  0    Dex:  6    Spells: 9/9 levels left

rFire   + . .      SeeInvis .   a - +2 battleaxe (flame)
rCold   + . .      Faith    .   (shield currently unavailable)
rNeg    . . .      Spirit   .   b - +2 robe {rC+ rF+}
rPois   .          Reflect  .   (helmet restricted)
rElec   .          Harm     .   (no cloak)
rCorr   .          Rampage  .   (no gloves)
Will    .....      NoTele   +   (no boots)
Stlth   +.........              (no amulet)
HPRegen 0.23/turn               j - +6 ring of strength
MPRegen 0.10/turn               (no ring)

@: on berserk cooldown, slowed, unable to drink, very slow
A: horns 2, retaliatory headbutt, fangs 1, clumsy 2, deformed body, frail 2, low
MP 3, weak 2, subdued magic 1, inability to drink after injury 1
a: Renounce Religion, Berserk, Trog's Hand, Brothers in Arms


You were in the Dungeon.
You worshipped Trog.
Trog was extremely pleased with you.
You visited 1 branch You collected 621 gold pieces.
You spent 400 gold pieces at shops.

Inventory:

Hand Weapons
 a - a +2 battleaxe of flaming (weapon)
Armour
 b - a +2 robe of resistance (worn)
Jewellery
 j - a +6 ring of strength (left hand)
Wands
 i - a wand of paralysis (2)
Scrolls
 h - a scroll of blinking
 k - 4 scrolls of identify {unknown}
 p - a scroll of enchant weapon {unknown}
 q - a scroll of fog {unknown}
Potions
 c - 2 potions of curing
 d - 4 potions of heal wounds
 e - a potion of haste
 f - 2 potions of magic
 g - a potion of berserk rage
 l - a potion of mutation
 m - 2 potions of might
 n - a potion of cancellation
 o - 2 potions of flight


   Skills:
 + Level 14.4 Fighting
 * Level 19.5 Axes
 + Level 14.2 Armour
 + Level 13.1 Dodging


You had 9 spell levels left.
You didn't know any spells.
Your spell library was empty.

Dungeon Overview and Level Annotations

Branches:
Dungeon (1/1)

Altars:
Cheibriados
Dithmenos
Elyvilon
Fedhas
Gozag
Hepliaklqana
Kikubaaqudgha
Makhleb
Nemelex Xobeh
Okawaru
Qazlal
Ru
Sif Muna
Trog
Uskayaw
Vehumet
Wu Jian
Xom
Yredelemnul
Zin
The Shining One
Jiyva
Lugonu

Shops:
D !:[[![[


Innate Abilities, Weirdness & Mutations

You have a pair of horns on your head.
You reflexively headbutt those who attack you in melee.
You have very sharp teeth.
You are very clumsy. (Dex -4)
Armour fits poorly on your strangely shaped body.
You are very frail. (-20% HP)
Your magical capacity is extremely low. (-30% MP)
You are very weak. (Str -4)
Your spells are a little easier to cast, but a little less powerful.
You occasionally lose the ability to drink potions when taking damage.


Message History

You are no longer berserk.
You are exhausted.
You feel yourself slow down.
You start resting.
A demonic crawler is nearby!
A demonic crawler is nearby!
A demonic crawler is nearby!
The demonic crawler gives a hideous shriek!
There is an open door here.
The demonic crawler shrieks in warning!
There is an open door here.
The demonic crawler shrieks in warning!
There's a creature in the doorway!
You barely miss the demonic crawler.
You headbutt the demonic crawler, but do no damage.
You bite the demonic crawler, but do no damage.
The demonic crawler closely misses you. You furiously retaliate!
You headbutt the demonic crawler!
The demonic crawler hits you but does no damage.
The demonic crawler hits you!
You slash the demonic crawler! Your bite misses the demonic crawler.
The demonic crawler is moderately wounded.
The demonic crawler closely misses you. You furiously retaliate!
You headbutt the demonic crawler, but do no damage.
The demonic crawler hits you but does no damage.
The demonic crawler hits you! x3; The demonic crawler hits you.
Unknown command.
You hit the demonic crawler.
The demonic crawler is moderately wounded.
The demonic crawler hits you. The demonic crawler hits you!
You feel threatened and lose the ability to drink potions!
* * * LOW HITPOINT WARNING * * *
The demonic crawler barely misses you.
You slash the demonic crawler! You burn the demonic crawler.
Your headbutt misses the demonic crawler.
The demonic crawler is heavily wounded.
The demonic crawler hits you!
* * * LOW HITPOINT WARNING * * *
The demonic crawler hits you!
You die...

#########################
<.#..).)#.['..#__#..')).#
..').#..').#..'†@s..#)..##+#
..#####'#####+#__####...+s.#
..####..#...#.#### #####ss+
..#__####..##.# '##
..#_____##'#_.+ .9
⌠⌠#_.∩...'..._# °..
###_..__##_.#'##+### #○°.
#_____###'#.#..[.### ...#
###########)####'###.## ..##


You could see a demonic crawler.

Vanquished Creatures
  Sonja (D)
  A deep troll (D)
  8 shining eyes (D)
  A gargoyle (D)
  2 demonic crawlers (D)
  2 kobold demonologists (D)
  A slime creature (D)
  Sigmund (D)
  A yak (D)
  5 floating eyes (D)
  An ogre (D)
  A jelly (D)
  Ijyb (D)
26 creatures vanquished.

Vanquished Creatures (collateral kills)
  A demonic crawler (D)
1 creature vanquished.

Grand Total: 27 creatures vanquished

Notes
Turn   | Place    | Note
-------+----------+-------------------------------------------
     0 | D        | Zeld the Minotaur Berserker began the quest for the Orb.
     0 | D        | Reached XP level 1. HP: 19/19 MP: 0/0
     1 | D        | Noticed Ijyb
     6 | D        | Killed Ijyb
     7 | D        | Reached skill level 5 in Axes
     7 | D        | Reached XP level 2. HP: 28/28 MP: 1/1
   161 | D        | Noticed an ogre
   166 | D        | Killed an ogre
   167 | D        | Reached skill level 7 in Axes
   167 | D        | Reached skill level 5 in Armour
   167 | D        | Reached XP level 3. HP: 35/37 MP: 2/2
   167 | D        | Reached XP level 4. HP: 42/44 MP: 3/3
   294 | D        | Noticed Sigmund
   298 | D        | Killed Sigmund
   298 | D        | Reached ** piety under Trog
   299 | D        | Reached skill level 10 in Axes
   299 | D        | Reached XP level 5. HP: 52/52 MP: 4/4
   467 | D        | Found an ornate altar of the Wu Jian Council.
   467 | D        | Found a shimmering blue altar of Sif Muna.
   469 | D        | Found a radiant altar of Vehumet.
   476 | D        | Reached XP level 6. HP: 28/61 MP: 5/5
   816 | D        | Noticed Sonja
   821 | D        | Killed Sonja
   822 | D        | Reached skill level 13 in Axes
   822 | D        | Reached XP level 7. HP: 71/71 MP: 6/6
  1010 | D        | Found Sedielai's Distillery.
  1018 | D        | Bought a potion of mutation for 80 gold pieces
  1018 | D        | Bought 2 potions of might for 80 gold pieces
  1018 | D        | Bought a potion of heal wounds for 50 gold pieces
  1018 | D        | Bought a potion of heal wounds for 50 gold pieces
  1018 | D        | Bought a potion of cancellation for 80 gold pieces
  1018 | D        | Bought a potion of flight for 30 gold pieces
  1018 | D        | Bought a potion of flight for 30 gold pieces
  1020 | D        | Noticed a shining eye
  1020 | D        | Noticed a shining eye
  1020 | D        | Noticed a shining eye
  1020 | D        | Noticed a shining eye
  1020 | D        | Noticed a shining eye
  1020 | D        | Noticed a shining eye
  1020 | D        | Gained mutation: Your magical capacity is low. (-10% MP) [a
                  | shining eye]
  1021 | D        | Gained mutation: Your magical capacity is very low. (-20%
                  | MP) [a shining eye]
  1022 | D        | Reached *** piety under Trog
  1023 | D        | Reached skill level 10 in Fighting
  1026 | D        | Reached XP level 8. HP: 79/79 MP: 5/5
  1026 | D        | Gained mutation: Your magical capacity is extremely low.
                  | (-30% MP) [a shining eye]
  1031 | D        | Killed a shining eye
  1032 | D        | Reached skill level 14 in Axes
  1032 | D        | Reached skill level 10 in Armour
  1033 | D        | Gained mutation: You have very sharp teeth. [a shining eye]
  1034 | D        | Gained mutation: You are frail. (-10% HP) [a shining eye]
  1035 | D        | Killed a shining eye
  1036 | D        | Reached skill level 15 in Axes
  1036 | D        | Reached skill level 10 in Dodging
  1036 | D        | Gained mutation: You occasionally lose the ability to drink
                  | potions when taking damage. [a shining eye]
  1036 | D        | Gained mutation: You are clumsy. (Dex -2) [a shining eye]
  1039 | D        | Killed a shining eye
  1039 | D        | Reached **** piety under Trog
  1039 | D        | Gained mutation: You are weak. (Str -2) [a shining eye]
  1040 | D        | Reached XP level 9. HP: 81/81 MP: 5/5
  1041 | D        | Killed a shining eye
  1042 | D        | Reached skill level 16 in Axes
  1045 | D        | Killed a shining eye
  1046 | D        | Gained mutation: You are very frail. (-20% HP) [a shining
                  | eye]
  1047 | D        | Killed a shining eye
  1048 | D        | Reached skill level 17 in Axes
  1049 | D        | Noticed a shining eye
  1049 | D        | Noticed a shining eye
  1052 | D        | Paralysed by a floating eye for 2 turns
  1056 | D        | Reached ***** piety under Trog
  1057 | D        | Gained mutation: Armour fits poorly on your strangely
                  | shaped body. [a shining eye]
  1061 | D        | Gained mutation: You are very weak. (Str -4) [a shining
                  | eye]
  1064 | D        | Gained mutation: You have hidden genetic defects. [a
                  | shining eye]
  1067 | D        | Killed a shining eye
  1068 | D        | Reached XP level 10. HP: 80/80 MP: 6/6
  1069 | D        | Killed a shining eye
  1070 | D        | Reached skill level 18 in Axes
  1085 | D        | Gained mutation: You are very clumsy. (Dex -4) [hidden
                  | defects]
  1114 | D        | Found Ramuza's Book Shoppe.
  1114 | D        | Found Padonk's Distillery.
  1114 | D        | Found Dozxygh's Armour Emporium.
  1114 | D        | Found Toim's Armour Boutique.
  1154 | D        | Noticed a deep troll
  1162 | D        | Killed a deep troll
  1200 | D        | Found Dexuer's Armour Emporium.
  1236 | D        | Found Toempe's Armour Emporium.
  1236 | D        | Found an ancient bone altar of Kikubaaqudgha.
  1236 | D        | Found a hazy altar of Hepliaklqana.
  1236 | D        | Found a stormy altar of Qazlal.
  1236 | D        | Found a hide-covered altar of Uskayaw.
  1236 | D        | Found a blossoming altar of Fedhas.
  1236 | D        | Found a bloodstained altar of Trog.
  1236 | D        | Found an iron altar of Okawaru.
  1236 | D        | Found a basalt altar of Yredelemnul.
  1236 | D        | Found a glowing golden altar of the Shining One.
  1236 | D        | Found a snail-covered altar of Cheibriados.
  1236 | D        | Found a sacrificial altar of Ru.
  1236 | D        | Found a glowing silver altar of Zin.
  1236 | D        | Found a shadowy altar of Dithmenos.
  1236 | D        | Found a white marble altar of Elyvilon.
  1240 | D        | Found an opulent altar of Gozag.
  1241 | D        | Found a sparkling altar of Nemelex Xobeh.
  1476 | D        | Found a burning altar of Makhleb.
  1476 | D        | Found a viscous altar of Jiyva.
  1476 | D        | Found a shimmering altar of Xom.
  1476 | D        | Found a corrupted altar of Lugonu.
  1536 | D        | Received a gift from Trog
  1545 | D        | Noticed a sixfirhy
  1562 | D        | Gained mutation: Your spells are a little easier to cast,
                  | but a little less powerful. [hidden defects]
  1562 | D        | Lost mutation: You have hidden genetic defects. [hidden
                  | defects expressed]
  1758 | D        | Noticed a gargoyle
  1759 | D        | Reached skill level 19 in Axes
  1813 | D        | Killed a gargoyle
  2387 | D        | HP: 4/83 [demonic crawler (8)]
  2387 | D        | Mangled by a demonic crawler

Illustrated notes

Levels and vault maps discovered:
D:        dungeon_sprint_1 [red_sonja_temple_1, red_sonja_temple_small_1]

Skill      XL: |  1  2  3  4  5  6  7  8  9 10 |
---------------+-------------------------------+-----
Fighting       | 4 6 7 9 10 11 13 14 | 14.4
Axes           | 5 7 10 13 15 17 19 | 19.5
Armour         | 3 5 7 9 11 12 14 | 14.2
Dodging        | 3 4 6 8 9 10 11 13 | 13.1

Action                   |  1- 3 |  4- 6 |  7- 9 | 10-12 || total
-------------------------+-------+-------+-------+-------++-------
Melee: Hand axe          |     7 |     7 |    39 |    23 ||    76
       Headbutt          |     1 |     4 |    12 |    14 ||    31
       Punch             |       |     1 |       |       ||     1
       Bite              |       |       |     3 |     4 ||     7
       Battleaxe         |       |       |       |    17 ||    17
Invok: Berserk           |     2 |     3 |     1 |     7 ||    13
       Brothers in Arms  |       |       |       |     2 ||     2
Evoke: Wand              |       |     1 |       |       ||     1
 Stab: Paralysed         |       |     2 |       |       ||     2
Armor: Robe              |       |       |       |     5 ||     5
Dodge: Dodged            |     3 |     1 |       |    31 ||    35
